 Dungeon Crawl Stone Soup version 0.29.1-2-gbd0b4ee654 (webtiles) character file.

Game seed: 3599191893974131517

3049 Sanktem7 the Fighter (level 9, -9/89 HPs)
             Began as a Minotaur Fighter on Nov 29, 2022.
             Mangled by an orc knight
             ... wielding a +0 glaive
              (23 damage)
             ... in a bailey.
             The game lasted 00:24:59 (7169 turns).

Sanktem7 the Fighter (Minotaur Fighter)             Turns: 7169, Time: 00:24:59

Health: -9/89      AC: 13    Str: 25    XL:     9   Next: 57%
Magic:  17/17      EV:  6    Int:  5    God:
Gold:   510        SH:  5    Dex: 15    Spells: 8/8 levels left

rFire   . . .      SeeInvis +   F - +4 flail (vorpal) {mace}
rCold   . . .      Faith    .   c - +0 buckler
rNeg    + . .      Spirit   .   q - +0 plate armour
rPois   .          Reflect  .   (helmet restricted)
rElec   .          Harm     .   w - scarf {repulsion}
rCorr   .          Rampage  .   s - +0 pair of gloves
Will    .....                   (no boots)
Stlth   ..........              p - amulet of Wuging {RegenMP rN+ Will- Dex+5}
HPRegen 0.24/turn               i - ring of see invisible
MPRegen 0.55/turn               D - ring of magical power

@: invisible, repel missiles
A: horns 2, retaliatory headbutt
a: no special abilities


You were in a bailey.
You visited 1 branch of the dungeon, and saw 7 of its levels.
You also visited: Bailey.

You collected 519 gold pieces.
You spent 9 gold pieces at shops.


Innate Abilities, Weirdness & Mutations

You have a pair of horns on your head.
You reflexively headbutt those who attack you in melee.


   Skills:
 * Level 11.6 Fighting
 - Level 6.4(8.7) Axes
 * Level 9.2(10.1) Maces & Flails
 - Level 5.0 Armour
 - Level 3.6 Shields


You had 8 spell levels left.
You didn't know any spells.
Your spell library contained the following spells:

 Spells                   Type           Power      Damage    Failure   Level
 Magic Dart               Conj           0%         1d3       100%        1
 Searing Ray              Conj           0%         2d4       100%        2
 Dazzling Flash           Conj/Hex       0%         N/A       100%        3
 Fulminant Prism          Conj/Hex       0%         3d6       100%        4
 Iskenderun's Mystic Bla  Conj/Tloc      0%         2d3       100%        4
 Starburst                Conj/Fire      0%         6d3       100%        6

Inventory:

Hand Weapons
 F - a +4 vorpal flail (weapon) {mace}
   (You took it off Edmund on level 4 of the Dungeon)
Missiles
 h - a throwing net {=f!fthrowing}
 l - 23 poisoned darts (quivered) {throwing}
 x - 8 boomerangs {throwing}
 A - 4 stones {throwing}
Armour
 c - a +0 buckler (worn)
 q - a +0 plate armour (worn)
   (You found it on level 1 of the Dungeon)
 s - a +0 pair of gloves (worn)
   (You found it on level 2 of the Dungeon)
 w - a scarf of repulsion (worn)
   (You found it on level 3 of the Dungeon)
Magical Staves
 a - a staff of cold {!astaff}
   (You found it on level 6 of the Dungeon)
Jewellery
 i - a ring of see invisible (left hand)
   (You found it on level 1 of the Dungeon)
 p - the amulet of Wuging (around neck) {RegenMP rN+ Will- Dex+5}
   (You acquired it on level 4 of the Dungeon)

   [amulet of magic regeneration]

   It increases your rate of magic regeneration.
   Dex:       It affects your dexterity (+5).
   rN:        It protects you from negative energy.
   Will:      It decreases your willpower.
 D - a ring of magical power (right hand)
   (You found it on level 4 of the Dungeon)
Wands
 k - a wand of light (2)
   (You took it off Sigmund on level 5 of the Dungeon)
 m - a wand of paralysis (11)
   (You found it on level 4 of the Dungeon)
 r - a wand of polymorph (10)
   (You found it on level 5 of the Dungeon)
Scrolls
 f - a scroll of fear
 g - a scroll of noise {!r}
 j - a scroll of vulnerability {!r!r}
 y - a scroll of blinking {!r}
 B - a scroll of teleportation {unknown}
Potions
 b - 2 potions of ambrosia
 d - 2 potions of might
 e - 3 potions of heal wounds {@q2}
 n - a potion of invisibility
 o - a potion of brilliance {unknown}
 t - a potion of magic {unknown}
 u - a potion of degeneration {unknown}
 v - 3 potions of lignification {!q}
 z - 2 potions of resistance {unknown}
 E - a potion of attraction {unknown}

Dungeon Overview and Level Annotations

Branches:
Dungeon (7/15) Zot: 26692  Bailey (1/1) Zot: 5429
 Temple: D:4-7

Altars:
Ashenzari
Cheibriados
Gozag
Makhleb
Nemelex Xobeh
Xom
Yredelemnul
Zin

Shops:
D:1 !:=   D:4 *[   D:7 [

Annotations:
D:3 2 transporters
D:7 1 runed translucent door

###### #......
##..~~~~~
##..~~...
##########..~~..#
#..........~~..##
#.~~~~~~~))~..#
#.~.......@oo##
#.~.#########'#
#.~.## .. #.~..##
§≈§ #.~~..## ..o
#∩.~~..# ∩⌠
##.~)..#+# . #+
#.~~).##.#+ #.
#.~..##...# .$


You could see an orc knight (unable to see you) and an orc warrior (strong,
unable to see you).


Message History

The orc shouts! 😕 HP[+1]
An orc warrior comes into view. It is wielding a +0 halberd.
The orc warrior shouts!
You hear a shout!
An orc comes into view. It is wielding a +0 spear.
The orc splashes around in the water.
You sock the orc!
You kill the orc!
You hear a splash. x2
You enter the shallow water.
Moving in this stuff is going to be slow. 😎 HP[+1]
Your hp is fully restored (89).
You closely miss the orc warrior.
The orc warrior hits you with a +0 halberd. 😕 HP[-1]
You take 1 damage, and now have 88/89 hp.
You sock the orc warrior!
You headbutt the orc warrior, but do no damage.
The orc hits you but does no damage.
Your unstable footing causes you to fumble your attack.
The orc warrior barely misses you.
The orc splashes around in the water.
The orc warrior hits you with a +0 halberd! 😕 HP[-8]
You take 8 damage, and now have 80/89 hp.
You sock the orc warrior!
You kill the orc warrior!
The orc hits you but does no damage. The orc hits you but does no damage.
Things that are here:
a +0 halberd {polearm}; a +0 plate armour; an orc corpse You barely miss the orc.
Your headbutt misses the orc. You block the orc's attack.
You bludgeon the orc!!
You kill the orc!
You hear a splash. x2 😕 HP[+1]
You enter the shallow water.
Moving in this stuff is going to be slow.
Things that are here:
a +0 spear {polearm}; a +0 chain mail 😕 HP[+1]
You start resting. 😎 HP[+7]
Your hp is fully restored (89).
An orc comes into view. It is wielding a +0 halberd.
The orc shouts!
An orc comes into view. It is wielding a +0 halberd.
The orc shouts!
An orc warrior comes into view. It is wielding a +0 spear.
Found a gate leading back out of this place.
The orc warrior shouts!
You hear a shout!
An orc knight comes into view. It is wielding a +0 glaive.
The orc warrior moves out of view.
The orc splashes around in the water.
You enter the shallow water.
Moving in this stuff is going to be slow.
The orc hits you but does no damage. The orc hits you with a +0 halberd.
The orc barely misses you. You furiously retaliate!
You headbutt the orc, but do no damage.
The orc warrior hits you but does no damage. 😕 HP[-6]
You take 6 damage, and now have 83/89 hp.
You sock the orc!
You kill the orc!
You hear a splash. x2
The orc barely misses you.
The orc warrior hits you but does no damage.
You thump the orc!
You kill the orc!
You hear a splash. x2
The orc warrior hits you but does no damage.
You closely miss the orc knight.
The orc knight hits you with a +0 glaive!
The orc warrior hits you from afar with a +0 spear. 😕 HP[-14]
You take 14 damage, and now have 69/89 hp.
You hit the orc knight.
You headbutt the orc knight, but do no damage.
The orc knight hits you with a +0 glaive!!
You block the orc warrior's attack. 😮 HP[-20]
You take 20 damage, and now have 49/89 hp.
MASSIVE DAMAGE!! (PAUSE)
You bludgeon the orc knight!!
The orc knight hits you with a +0 glaive!!
* * * LOW HITPOINT WARNING * * *
The orc warrior hits you from afar with a +0 spear!
* * * LOW HITPOINT WARNING * * *
😱 HP[-35]
You take 35 damage, and now have 14/89 hp.
MASSIVE DAMAGE!! (PAUSE)
You fade into invisibility!
The orc knight roars a battlecry!
The orc warrior goes into a battle-frenzy!
The orc warrior hits you but does no damage.
You sock the orc knight!
You headbutt the orc knight, but do no damage.
The orc knight hits you with a +0 glaive!!
You die...

Skill      XL: |  1  2  3  4  5  6  7  8  9 |
---------------+----------------------------+-----
Fighting       | 4 5 6 7 8 10 11 | 11.6
Axes           | 3 4 5 6 |  6.4
Maces & Flails | 1 4 7 9 |  9.2
Armour         | 4 5 |  5.0
Shields        | |  3.6

Action                   |  1- 3 |  4- 6 |  7- 9 || total
-------------------------+-------+-------+-------++-------
Melee: War axe           |     7 |       |       ||     7
       Hand axe          |    72 |   143 |       ||   215
       Headbutt          |     6 |    21 |    39 ||    66
       Flail             |       |       |   205 ||   205
  Use: Scroll            |       |    10 |     5 ||    15
       Potion            |       |       |     3 ||     3
Armor: Scale mail        |    15 |       |       ||    15
       Plate armour      |    30 |    80 |   141 ||   251
Dodge: Dodged            |    44 |    44 |    80 ||   168
       Repelled          |       |       |     2 ||     2
Block: Buckler           |    22 |    29 |    45 ||    96

Levels and vault maps discovered:
D:1:      erik_arrival_cave_to_civilisation [erik_arrival_cave_to_hall],
          layout_basic, hellmonk_ecumenical_altar_crossroads, serial_shops,
          shop, nicolae_shop_stone, shop_coins
D:2:      layout_basic, minmay_octomino_c4, uniq_robin
D:3:      layout_rooms, nicolae_gozag_cash_rules_everything_around_me,
          gammafunk_ghost_abyssal_escape, nicolae_kite_square_tiling_tiny,
          grunt_decor_mini_mirrors, minivault_26, grunt_ministairs_2,
          guppyfry_early_orc_mine
D:4:      layout_layer_cave, mainiacjoe_overflow_tiny_flanked, serial_shops,
          shop, serial_undead, serial_undead_b, serial_undead_d,
          serial_undead_b, serial_undead_e, nicolae_shop_clearance, uniq_edmund
D:5:      layout_loops_ring, lightli_temple_of_fire, slow_altar_2, uniq_sigmund
D:6:      layout_loops_cross
D:7:      minmay_chambers_of_fours, layout_basic,
          grunt_temple_overflow_order_and_chaos_1, dk_yredelemnul_ordeal,
          okawaru_gym_becter, nemelex_dance_club_becter, temple_hall,
          enter_bailey_1, grunt_ogre_cave, minmay_shop_chei
Bailey:   bailey_polearm_1, bailey

Notes
Turn   | Place    | Note
-------+----------+-------------------------------------------
     0 | D:1      | Sanktem7 the Minotaur Fighter began the quest for the Orb.
     0 | D:1      | Reached XP level 1. HP: 19/19 MP: 0/0
     0 | D:1      | magus.rc [v1.9.6]
   153 | D:1      | Reached skill level 4 in Fighting
   204 | D:1      | Found a faded altar of an unknown god.
   220 | D:1      | Reached skill level 3 in Axes
   220 | D:1      | Reached XP level 2. HP: 26/27 MP: 1/1
   258 | D:1      | Found Oxkoin's Distillery.
   538 | D:1      | Found Lisau's Book Shop.
   723 | D:1      | Found Lus Kif's Jewellery Boutique.
   726 | D:1      | Reached XP level 3. HP: 34/34 MP: 2/2
  1283 | D:2      | Identified the +4 dagger of Income {holy, rN+ rCorr SInv}
  1304 | D:2      | Reached skill level 4 in Axes
  1372 | D:2      | Reached XP level 4. HP: 41/41 MP: 3/3
  1376 | D:2      | Reached skill level 5 in Fighting
  1415 | D:2      | Noticed Robin
  1447 | D:2      | Killed Robin
  2006 | D:3      | Found an opulent altar of Gozag.
  2146 | D:3      | Noticed a kobold brigand
  2162 | D:3      | Found a transporter.
  2195 | D:3      | Found a transporter.
  2300 | D:3      | Reached XP level 5. HP: 47/48 MP: 4/4
  2528 | D:4      | Noticed a phantom
  2538 | D:4      | Reached skill level 5 in Axes
  2542 | D:4      | Killed a phantom
  2543 | D:4      | Reached skill level 6 in Fighting
  2592 | D:4      | Reached XP level 6. HP: 30/57 MP: 5/5
  3455 | D:4      | Noticed Edmund
  3474 | D:4      | Killed Edmund
  3475 | D:4      | Reached skill level 7 in Fighting
  3475 | D:4      | Reached skill level 6 in Axes
  3477 | D:4      | magus.rc [v1.9.6]
  3590 | D:4      | Found Cuirch's Antique Armour Shoppe.
  3611 | D:4      | Found a broken altar of Ashenzari.
  3753 | D:4      | Found Keoxey's CLEARANCE SALE!.
  3762 | D:4      | Bought a potion of curing for 9 gold pieces
  3957 | D:4      | Identified a scroll of acquirement
  3957 | D:4      | Acquired the amulet of Wuging {RegenMP rN+ Will- Dex+5}
  3966 | D:5      | Entered Level 5 of the Dungeon
  4100 | D:5      | Reached skill level 1 in Maces & Flails
  4100 | D:5      | Reached XP level 7. HP: 62/66 MP: 6/6
  4159 | D:5      | Reached skill level 2 in Maces & Flails
  4159 | D:5      | Reached skill level 4 in Armour
  4164 | D:5      | Reached skill level 3 in Maces & Flails
  4167 | D:5      | HP: 16/67 [black bear (7)]
  4448 | D:5      | Reached skill level 8 in Fighting
  4601 | D:5      | Reached skill level 4 in Maces & Flails
  4623 | D:5      | You pick up a book of Conjurations {@e2} and begin
                  | reading...
  4623 | D:5      | You add the spells Magic Dart, Searing Ray and Fulminant
                  | Prism to your library.
  4644 | D:5      | Reached XP level 8. HP: 72/75 MP: 7/7
  4773 | D:5      | Reached skill level 5 in Armour
  4795 | D:5      | You pick up a book of Spectacle and begin reading...
  4795 | D:5      | You add the spells Dazzling Flash, Iskenderun's Mystic
                  | Blast and Starburst to your library.
  4931 | D:5      | Found a burning altar of Makhleb.
  5033 | D:5      | Found a snail-covered altar of Cheibriados.
  5033 | D:5      | Noticed Sigmund
  5057 | D:5      | Killed Sigmund
  5058 | D:5      | Reached skill level 9 in Fighting
  5058 | D:5      | Reached skill level 5 in Maces & Flails
  5318 | D:6      | Reached skill level 6 in Maces & Flails
  5330 | D:6      | HP: 12/78 [orc warrior/+0 halberd (16)]
  5376 | D:6      | HP: 19/79 [centaur/arrow (1)]
  5389 | D:6      | HP: 19/79 [centaur/arrow (3)]
  5681 | D:6      | Identified the +0 barding of Cetun {Stlth+}
  5735 | D:6      | Reached skill level 10 in Fighting
  5840 | D:6      | Reached skill level 7 in Maces & Flails
  5949 | D:6      | Reached XP level 9. HP: 83/86 MP: 8/8
  6340 | D:7      | Reached skill level 8 in Maces & Flails
  6343 | D:7      | Found a sparkling altar of Nemelex Xobeh.
  6379 | D:7      | Noticed an angel
  6390 | D:7      | Found a snail-covered altar of Cheibriados.
  6393 | D:7      | Found Cheibriados's Comfort Zone.
  6520 | D:7      | Found a glowing silver altar of Zin.
  6520 | D:7      | Found a shimmering altar of Xom.
  6529 | D:7      | Reached skill level 11 in Fighting
  6565 | D:7      | Found a runed translucent door.
  6575 | D:7      | Found a basalt altar of Yredelemnul.
  6588 | D:7      | Found a flagged portal.
  6600 | Bailey   | Entered a bailey
  6877 | Bailey   | Reached skill level 9 in Maces & Flails
  7153 | Bailey   | Noticed an orc knight
  7167 | Bailey   | HP: 21/89 [orc knight/+0 glaive (28)]
  7169 | Bailey   | Mangled by an orc knight

Vanquished Creatures
  Sigmund (D:5)
  Edmund (D:4)
  A water moccasin (D:5)
  An ice beast (D:6)
  5 orc warriors
  4 black bears
  2 sky beasts
  2 ogres (D:7)
  2 centaurs
  2 phantoms
  A scorpion (D:6)
  2 necrophages (D:5)
  A human zombie (D:7)
  2 jellies (D:5)
  A gnoll bouda (D:7)
  3 hounds
  4 orc priests (D:6)
  An iron imp (D:5)
  8 iguanas
  3 orc wizards (D:6)
  A hound zombie (D:4)
  Robin (D:2)
  4 gnolls (D:7)
  4 adders
  2 white imps
  An adder zombie (D:4)
  5 dart slugs
  37 orcs
  6 bats
  6 endoplasms
  10 giant cockroaches
  14 goblins
  11 hobgoblins
  6 jackals
  6 kobolds
  A quokka (D:1)
  6 ball pythons
  A kobold zombie (D:7)
  9 rats
178 creatures vanquished.

Table legend:
 A = Non-vault XP
 B = Vault XP
 C = Vault XP percentage of total XP
 D = Non-vault monster count
 E = Vault monster count
 F = Vault count percentage of total count
                 A         B        C        D         E       F
            +---------+---------+-------+---------+---------+-------
      Total |    3074 |    1282 |  29.4 |     117 |      61 |  34.3
            +---------+---------+-------+---------+---------+-------
        D:1 |      48 |       3 |   5.9 |      25 |       2 |   7.4
        D:2 |      44 |      56 |  56.0 |      14 |      18 |  56.2
        D:3 |      32 |      23 |  41.8 |      10 |       9 |  47.4
        D:4 |     238 |     188 |  44.1 |      18 |       3 |  14.3
        D:5 |    1023 |     262 |  20.4 |      15 |       2 |  11.8
        D:6 |    1193 |       0 |   0.0 |      24 |       0 |   0.0
        D:7 |     496 |     171 |  25.6 |      11 |       4 |  26.7
     Bailey |       0 |     579 | 100.0 |       0 |      23 | 100.0
            +---------+---------+-------+---------+---------+-------

Illustrated notes

Table legend:
 A = Kills in this place as a percentage of kills in entire the game.
 B = Kills by you in this place as a percentage of kills by you in the entire game.
 C = Kills by friends in this place as a percentage of kills by friends in the entire game.
 D = Other kills in this place as a percentage of other kills in the entire game.
 E = Experience gained in this place as a percentage of experience gained in the entire game.
 F = Experience gained in this place divided by the number of levels of this place that you have seen.
                   A       B       C       D       E      F
               +-------+-------+-------+-------+-------+----------------------
         Total | 100.0 | 100.0 |   N/A |   N/A | 100.0 | 544.5
       Dungeon |  87.1 |  87.1 |   N/A |   N/A |  86.7 | 539.6
        Bailey |  12.9 |  12.9 |   N/A |   N/A |  13.3 | 579.0
               +-------+-------+-------+-------+-------+----------------------

Table legend: (Time is in decaauts)
 A = Elapsed time spent in this place.
 B = Non-inter-level travel time spent in this place.
 C = Inter-level travel time spent in this place.
 D = Time resting spent in this place.
 E = Time spent auto-exploring this place.
 F = Levels seen in this place.
 G = Mean time per level.
                   A        B        C        D        E       F      G
               +--------+--------+--------+--------+--------+-----+--------+
         Total |   7206 |   6939 |    267 |    764 |   4811 |   8 |  900.8 |
       Dungeon |   6636 |   6369 |    267 |    358 |   4811 |   7 |  948.0 |
        Bailey |    570 |    570 |      0 |    406 |      0 |   1 |  570.0 |
               +--------+--------+--------+--------+--------+-----+--------+

Top non-repeatable levels by time:
     D:4: 1442 daAuts
     D:5: 1192 daAuts
     D:6: 1145 daAuts
     D:1: 1107 daAuts
     D:2: 866 daAuts
     D:3: 574 daAuts
  Bailey: 570 daAuts
     D:7: 307 daAuts
